 Dungeon Crawl Stone Soup version 0.30-b1-2-g02819fbbbe (webtiles) character file.

Game seed: 8733877865154611712

2172 MajorAdolf the Zephyrmancer (level 9, -1/70 HPs)
             Began as a Naga Wanderer on Sept 2, 2023.
             Slain by a wyvern (13 damage)
             ... on level 7 of the Dungeon.
             The game lasted 00:15:31 (10241 turns).

MajorAdolf the Zephyrmancer (Naga Wanderer)        Turns: 10241, Time: 00:15:32

Health: -1/70      AC:  4    Str: 13    XL:     9   Next: 32%
Magic:  3/13       EV:  9    Int: 15    God:
Gold:   308        SH:  0    Dex: 14    Spells: 10/14 levels left

rFire   . . .        v - +0 dagger (venom)
rCold   . . .        (no shield)
rNeg    + . .        u - +0 robe of the Ward {Regen+}
rPois   +            (no helmet)
rElec   .            (no cloak)
rCorr   .            (no gloves)
SInv    +            (no barding)
Will    +....        g - amulet of the acrobat
Stlth   +            e - ring of flight
HPRegen 1.11/turn    n - ring of positive energy
MPRegen 0.13/turn

%: acrobat
@: flying, very slow
A: AC +3, large, see invisible, deformed body, poison resistance, slowness 2,
spit poison 1, naga tail 1
a: Spit Poison


You were on level 7 of the Dungeon.
You visited 1 branch of the dungeon, and saw 7 of its levels.
You also visited: Sewer.

You collected 308 gold pieces.

Inventory:

Hand Weapons
 a - a +0 dagger
 s - a +0 dagger of draining
 v - a +0 dagger of venom (weapon)
 x - a +3 short sword
 G - a +2 mace of draining
 J - a +3 dagger
Missiles
 c - 9 boomerangs
 j - 2 silver javelins
 B - a throwing net
 K - 10 poisoned darts
Armour
 f - a +0 robe
 u - the +0 robe of the Ward (worn) {Regen+}
   (You found it on level 3 of the Dungeon)

   Regen:     It increases your rate of health regeneration.
Magical Staves
 y - a staff of fire
Jewellery
 e - a ring of flight (left hand)
 g - an amulet of the acrobat (around neck)
 n - a ring of positive energy (right hand)
 I - a +4 ring of protection
Wands
 m - a wand of digging (5)
Scrolls
 d - 2 scrolls of fear
 i - a scroll of enchant weapon {unknown}
 k - 5 scrolls of identify {unknown}
 o - 6 scrolls of amnesia {unknown}
 q - 3 scrolls of teleportation {unknown}
 r - 3 scrolls of enchant armour {unknown}
 t - a scroll of silence {unknown}
 C - 2 scrolls of noise {unknown}
 E - a scroll of brand weapon {unknown}
 F - a scroll of butterflies {unknown}
 H - a scroll of immolation {unknown}
Potions
 b - 6 potions of heal wounds
 h - 2 potions of haste {unknown}
 l - 5 potions of curing
 p - 2 potions of attraction {unknown}
 w - 4 potions of lignification {unknown}
 z - 2 potions of might {unknown}
 A - a potion of brilliance {unknown}
 D - 4 potions of magic {unknown}


   Skills:
 - Level 1.0 Fighting
 - Level 2.6 Throwing
 - Level 3.0 Unarmed Combat
 - Level 3.0 Spellcasting
 + Level 8.1 Translocations
 + Level 8.8 Air Magic


You had 10 spell levels left.
You knew the following spells:

 Your Spells              Type           Power      Damage    Failure   Level
a - Shock                 Conj/Air       60%        1d6       3%          1
b - Vhi's Electric Charg  Tloc/Air       54%        N/A       1%          3

Your spell library contained the following spells:

 Spells                   Type           Power      Damage    Failure   Level
 Freeze                   Ice            8%         1d3       21%         1
 Frozen Ramparts          Ice            4%         1d1       52%         3
 Hailstorm                Conj/Ice       2%         3d3       52%         3
 Ice Form                 Ice/Tmut       2%         N/A       89%         4
 Simulacrum               Ice/Necr       1%         N/A       100%        6


Dungeon Overview and Level Annotations

Branches:
Dungeon (7/15)              Sewer (visited)
 Temple: D:4-7

Altars:
Ashenzari
Dithmenos
Trog
Xom


Innate Abilities, Weirdness & Mutations

Your serpentine skin is tough. (AC +3)
You have supernaturally acute eyesight. (SInv)
Armour fits poorly on your strangely shaped body.
Your system is resistant to poisons. (rPois)
You cover ground very slowly.
You can spit poison.
You have a snake-like lower body.


Message History

An orc comes into view. It is wielding a +0 club.
The zap hits the gnoll bouda.
The gnoll bouda is moderately wounded.
The gnoll bouda hits you with a +0 whip.
An orc comes into view. It is wielding a +0 dagger.
The zap hits the gnoll bouda.
The gnoll bouda is heavily wounded.
The gnoll bouda hits you with a +0 whip.
Unknown command.
The zap misses the gnoll bouda.
The wyvern barely misses you.
The gnoll bouda hits you with a +0 whip.
An orc comes into view. It is wielding a +0 hand axe.
The zap hits the gnoll bouda.
The gnoll bouda is severely wounded.
The wyvern bites you but does no damage.
The wyvern barely misses you.
The gnoll bouda hits you with a +0 whip.
The wyvern bites you!
The gnoll bouda mumbles some strange prayers to its god.
The gnoll bouda is healed somewhat.
The wyvern completely misses you.
You hit the orc.
The orc is poisoned.
The orc is moderately wounded.
The wyvern bites you but does no damage.
The gnoll bouda hits you but does no damage.
The orc hits you but does no damage.
You hit the orc.
The orc looks as sick as possible!
The orc is severely wounded.
You kill the orc!
The wyvern bites you. The gnoll bouda barely misses you. The wyvern bites you!
You hit the orc.
The orc is poisoned.
The orc is heavily wounded.
The wyvern bites you!
* * * LOW HITPOINT WARNING * * *
The gnoll bouda hits you with a +0 whip!
* * * LOW HITPOINT WARNING * * *
The orc barely misses you.
You hit the orc.
You kill the orc!
The wyvern bites you!
You die...

## ### ##.#
..###...###
....:....# #........#
## #........##
..######..........
##......#...g.....#
........#..@lo...##
..)......)..<....).
#.....).#..#.o..##
###.......##^.###..#
..........###..# ....
###........###.##...#
.$..................
≈......).######....
≈≈......)#### #.#


You could see a wyvern, a gnoll bouda and 2 orcs.

Vanquished Creatures
  An orc warrior (D:6)
  A sky beast (D:5)
  An ice beast (D:5)
  A centaur (D:5)
  2 phantoms (D:6)
  4 kobold brigands
  2 bullfrogs (D:7)
  A scorpion (D:5)
  5 wights (D:6)
  A gnoll bouda (D:4)
  5 hounds
  5 orc priests
  5 iguanas
  3 orc wizards (D:5)
  4 gnolls (D:4)
  13 adders
  8 river rats
  A shadow imp (D:6)
  2 white imps
  4 worms
  6 dart slugs
  19 orcs
  8 endoplasms
  A giant cockroach (D:1)
  9 hobgoblins
  15 jackals
  4 quokkas
  8 ball pythons
  5 bats
  6 frilled lizards
  3 goblins
  18 kobolds
  10 rats
181 creatures vanquished.

Vanquished Creatures (others)
  13 plants (Sewer)
13 creatures vanquished.

Grand Total: 194 creatures vanquished

Notes
Turn   | Place    | Note
-------+----------+-------------------------------------------
     0 | D:1      | MajorAdolf the Naga Wanderer began the quest for the Orb.
     0 | D:1      | MajorAdolf set off with the following items: a +0 dagger, a
                  | potion of heal wounds, 9 boomerangs, a scroll of fear, a
                  | potion of berserk rage, a +0 robe; and the following spell
                  | memorised: Shock; and the following spells available to
                  | memorise: Vhi's Electric Charge.
     0 | D:1      | Reached XP level 1. HP: 18/18 MP: 4/4
   138 | D:1      | Reached skill level 1 in Air Magic
   245 | D:1      | Reached XP level 2. HP: 18/25 MP: 1/6
   943 | D:1      | Reached XP level 3. HP: 31/31 MP: 2/7
  1007 | D:1      | Found a faded altar of an unknown god.
  2205 | D:2      | Learned a level 3 spell: Vhi's Electric Charge
  2218 | D:2      | Found a shimmering altar of Xom.
  2777 | D:3      | Identified the +0 robe of the Ward {Regen+}
  3156 | D:3      | Reached XP level 4. HP: 38/38 MP: 4/8
  3158 | D:3      | Reached skill level 1 in Translocations
  4186 | D:4      | Reached XP level 5. HP: 44/44 MP: 3/9
  5201 | D:4      | Reached XP level 6. HP: 22/51 MP: 3/10
  5555 | D:5      | Entered Level 5 of the Dungeon
  5591 | D:5      | Noticed a sky beast
  5657 | D:5      | Killed a sky beast
  5658 | D:5      | Reached skill level 5 in Air Magic
  5924 | D:5      | Reached XP level 7. HP: 50/57 MP: 11/11
  6497 | D:5      | Reached skill level 5 in Translocations
  6987 | D:5      | Reached XP level 8. HP: 47/63 MP: 12/12
  7358 | D:6      | Found a glowing drain.
  7365 | Sewer    | Entered a sewer
  9335 | D:6      | Found a shadowy altar of Dithmenos.
  9338 | D:6      | Found a broken altar of Ashenzari.
  9338 | D:6      | Found a bloodstained altar of Trog.
  9373 | D:6      | Reached XP level 9. HP: 60/70 MP: 7/13
 10241 | D:7      | Slain by a wyvern

Illustrated notes

Levels and vault maps discovered:
D:1:      dpeg_cavernosity, layout_basic,
          shapermc_ecumenical_altar_starsandcircs, kennysheep_small_spiral
D:2:      layout_basic, basic_altar
D:3:      layout_loops_ring, nicolae_titane
D:4:      layout_cave_pods
D:5:      layout_basic
D:6:      layout_loops_ring, grunt_temple_overflow_diamond,
          lightli_sewer_entry_pipes, kennysheep_generic_room_5
D:7:      cheibrodos_wizards_tower, layout_rooms,
          minmay_temple_entry_large_hall, serial_shops, nicolae_shop_waterfront,
          shop, shop, minmay_between

Skill      XL: |  1  2  3  4  5  6  7  8  9 |
---------------+----------------------------+-----
Air Magic      | 1 2 3 4 5 6 8 |  8.8
Translocations | 2 3 4 5 7 8 |  8.1
Fighting       | |  1.0
Throwing       | |  2.6
Unarmed Combat | |  3.0
Spellcasting   | |  3.0

Action                     |  1- 3 |  4- 6 |  7- 9 || total
---------------------------+-------+-------+-------++-------
  Melee: Dagger            |    15 |    30 |   192 ||   237
         Punch             |     2 |       |     7 ||     9
         Short sword       |       |       |    35 ||    35
   Cast: Shock             |    66 |    91 |   258 ||   415
         Vhi's Electric Ch |       |     3 |     2 ||     5
Ability: Spit Poison       |    23 |    24 |    16 ||    63
    Use: Potion            |       |       |     1 ||     1
         Scroll            |       |       |     1 ||     1
   Stab: Sleeping          |       |       |     1 ||     1
 Armour: Robe              |    11 |    14 |    65 ||    90
  Dodge: Dodged            |    30 |    49 |   162 ||   241
